 Dungeon Crawl Stone Soup version 0.28-a0-816-gb054d885db (webtiles) character file.

Game seed: 9489466145091302837

61 cheechan the Skirmisher (level 4, -5/39 (42) HPs)
             Began as a Naga Fighter on Nov 8, 2021.
             Slain by a wight (16 damage)
             ... on level 4 of the Dungeon.
             The game lasted 00:08:38 (2551 turns).

cheechan the Skirmisher (Naga Fighter)              Turns: 2551, Time: 00:08:38

HP:   -5/39 (42)    AC:  5    Str: 18    XL:     4   Next: 7%
MP:   4/4           EV:  7    Int:  9    God:
Gold: 130           SH:  4    Dex: 11    Spells: 3/3 levels left

rFire   . . .      SeeInvis +   a - +1 war axe
rCold   . . .      Faith    .   c - +0 buckler
rNeg    . . .      Spirit   .   b - +0 scale mail
rPois   +          Reflect  .   (no helmet)
rElec   .          Harm     .   (no cloak)
rCorr   .          Rampage  .   (no gloves)
Will    .....                   (no barding)
Stlth   ..........              (no amulet)
HPRegen 0.13/turn               j - +4 ring of slaying
MPRegen 0.09/turn               (no ring)

@: mighty, drained, very slow
A: AC +1, large, see invisible, deformed body, poison resistance, slowness 2,
spit poison 1, naga tail 1
a: Spit Poison


You were on level 4 of the Dungeon.
You visited 1 branch of the dungeon, and saw 4 of its levels.

You collected 130 gold pieces.

Inventory:

Hand Weapons
 a - a +1 war axe (weapon)
Missiles
 h - 53 arrows
 p - 5 sling bullets
Armour
 b - a +0 scale mail (worn)
 c - a +0 buckler (worn)
Jewellery
 j - a +4 ring of slaying (left hand)
Scrolls
 g - 2 scrolls of blinking
Potions
 e - a potion of resistance {unknown}
 f - a potion of curing {unknown}
 i - a potion of mutation {unknown}
 k - a potion of flight {unknown}
 l - 2 potions of ambrosia {unknown}
 m - a potion of invisibility {unknown}
 n - a potion of lignification {unknown}
 o - a potion of brilliance {unknown}
 q - a potion of haste {unknown}


   Skills:
 + Level 3.3 Fighting
 + Level 2.8 Axes
 + Level 3.0 Armour
 + Level 0.8 Dodging
 + Level 0.1 Stealth
 + Level 2.5 Shields


You had 3 spell levels left.
You didn't know any spells.
Your spell library was empty.

Dungeon Overview and Level Annotations

Branches:
Dungeon (4/15)
 Temple: D:4-7

Altars:
Qazlal
Vehumet


Innate Abilities, Weirdness & Mutations

Your serpentine skin is tough. (AC +1)
You have supernaturally acute eyesight. (SInv)
Armour fits poorly on your strangely shaped body.
Your system is resistant to poisons. (rPois)
You cover ground very slowly.
You can spit poison.
You have a snake-like lower body.


Message History

Found 14 gold pieces.
There is a stone staircase leading up here.
Abil: Spit Poison
Press: ? - help, Q - select action Shift-Dir - straight line, f - orc
Aim: an orc, wielding a +0 falchion and wearing a +0 ring mail The splash of poison hits the orc.
The orc is poisoned.
The orc is severely wounded.
You kill the orc!
A wight comes into view. It is wielding a +4 falchion.
A wight comes into view. It is wielding a +0 spear.
Found a golden potion.
Found a stone staircase leading down.
A hobgoblin comes into view.
You slash the hobgoblin!
You kill the hobgoblin!
You have got your breath back.
Abil: Spit Poison
Press: ? - help, Q - select action Shift-Dir - straight line, f - wight
Aim: a wight, wielding a +4 falchion and wearing a +0 robe The splash of poison hits the wight.
The wight completely resists.
Unknown command.
You block the wight's attack. The wight hits you with a +0 spear.
The wight hits you with a +4 falchion.
You feel drained.
You slash the wight!
The wight is moderately damaged.
You closely miss the wight. You block the wight's attack.
The wight hits you with a +4 falchion.
You hit the wight.
The wight is severely damaged.
You slash the wight!
You have got your breath back.
The wight hits you with a +0 spear. The wight hits you with a +4 falchion!
You feel drained. The wight hits you with a +0 spear.
* * * LOW HITPOINT WARNING * * *
You feel very mighty all of a sudden. The wight closely misses you.
The wight barely misses you.
You closely miss the wight.
The wight is severely damaged.
You closely miss the wight. The wight hits you with a +4 falchion!
You die...

.. .....# ##..
..... #...
.$.. #....
#..#
#....##..#
#.......#
##......<#
......)..#
......z@.#
##...##z.# #..
#..# ... .....
.. ........
............
#...........
#....!......>
....##..##..##


You could see 2 wights.

Vanquished Creatures
  3 dart slugs
  5 orcs
  6 bats
  5 endoplasms
  2 giant cockroaches
  6 goblins
  4 hobgoblins
  A quokka (D:3)
  4 ball pythons
  A frilled lizard (D:3)
  2 kobolds (D:2)
  5 rats
  A spectral goblin (D:2)
45 creatures vanquished.

Notes
Turn   | Place    | Note
-------+----------+-------------------------------------------
     0 | D:1      | cheechan the Naga Fighter began the quest for the Orb.
     0 | D:1      | Reached XP level 1. HP: 21/21 MP: 1/1
   138 | D:1      | Reached XP level 2. HP: 28/28 MP: 2/2
  1034 | D:2      | Found a faded altar of an unknown god.
  1102 | D:2      | Reached XP level 3. HP: 34/34 MP: 3/3
  1567 | D:3      | Found a stormy altar of Qazlal.
  1581 | D:3      | Found a radiant altar of Vehumet.
  2401 | D:3      | Reached XP level 4. HP: 42/42 MP: 4/4
  2551 | D:4      | Slain by a wight

Illustrated notes

Levels and vault maps discovered:
D:1:      matt_arrival_los_fun, layout_basic
D:2:      layout_rooms, dreamdust_ecumenical_altar_drowned_temple,
          minmay_misc_feat_cross, chequers_serial_rivers_micro_b
D:3:      layout_loops_ring, mainiacjoe_overflow_big_doors, grunt_ministairs_9,
          chequers_serial_rivers_micro_e, st_stairs_14,
          minmay_stone_trees_small, kennysheep_pointless_box,
          minmay_fountain_box
D:4:      layout_gridville, uniq_eustachio

Skill      XL: |  1  2  3 |
---------------+----------+-----
Armour         | 3 |  3.0
Fighting       | |  3.3
Axes           | |  2.8
Dodging        | |  0.8
Stealth        | |  0.1
Shields        | |  2.5

Action                   |  1- 3 |  4- 6 || total
-------------------------+-------+-------++-------
Melee: War axe           |    79 |     4 ||    83
 Abil: Spit Poison       |     5 |     2 ||     7
  Use: Scroll            |     7 |       ||     7
       Potion            |       |     1 ||     1
Armor: Scale mail        |    49 |       ||    49
Dodge: Dodged            |    50 |     2 ||    52
Block: Buckler           |    14 |     2 ||    16

Table legend: (Time is in decaauts)
 A = Elapsed time spent in this place.
 B = Non-inter-level travel time spent in this place.
 C = Inter-level travel time spent in this place.
 D = Time resting spent in this place.
 E = Time spent auto-exploring this place.
 F = Levels seen in this place.
 G = Mean time per level.
                   A        B        C        D        E       F      G
               +--------+--------+--------+--------+--------+-----+--------+
         Total |   3455 |   3455 |      0 |    245 |      0 |   4 |  863.8 |
       Dungeon |   3455 |   3455 |      0 |    245 |      0 |   4 |  863.8 |
               +--------+--------+--------+--------+--------+-----+--------+

Top non-repeatable levels by time:
     D:3: 1451 daAuts
     D:1: 1295 daAuts
     D:2: 695 daAuts
     D:4: 13 daAuts
